 Dungeon Crawl Stone Soup version 0.24-a0-584-g9d6b971ae4 (webtiles) character file.

Game seed: 12480082621769717506, levelgen mode: deterministic

18418849 P0WERM0DE the Conqueror (level 27, 218/218 HPs)
             Began as a Gargoyle Fighter on Sept 5, 2019.
             Was the Champion of the Shining One.
             Escaped with the Orb
             ... and 14 runes!
             The game lasted 01:08:08 (72508 turns).

P0WERM0DE the Conqueror (Gargoyle Fighter)         Turns: 72508, Time: 01:08:08

Health: 218/218    AC: 68    Str: 27    XL:     27
Magic:  44/44      EV: 13    Int: 10    God:    the Shining One [******]
Gold:   9538       SH: 28    Dex:  8    Spells: 26/26 levels left

rFire    + + +     SeeInvis .   b - +9 broad axe (holy)
rCold    + + .     Gourm    .   Q - +2 large shield {AC+3}
rNeg     + + +     Faith    .   B - +12 gold dragon scales
rPois    ∞         Spirit   .   (helmet restricted)
rElec    +         Reflect  .   D - +2 cloak {MR+}
rCorr    .         Harm     .   X - +0 pair of gloves of Complete Protection {rC+}
MR       ++++.     Rnd*Rage +   (no boots) Stlth ..........Rnd*Tele +
                                p - amulet of regeneration
HPRegen  0.86/turn              w - ring of Foecaen {rF+ MP+9}
MPRegen  0.29/turn              f - ring of protection from fire

@: flying, glowing
A: antennae 1, big wings, claws 1, hooves 1, berserk 1, clumsy 1, low mp 1,
magic resistance 1, negative energy resistance 1, robust 1, screaming 3, shaggy
fur 1, electricity resistance, inhibited regeneration, teleportitis 1, weak 2,
unbreathing, petrification resistance, no potion heal 1, rot immunity, subdued
magic 2, AC +20
0: Orb of Zot
}: 14/15 runes: decaying, slimy, silver, iron, obsidian, icy, bone, abyssal,
demonic, glowing, magical, fiery, dark, gossamer
a: Stop Flying, Divine Shield, Cleansing Flame, Summon Divine Warrior, Renounce
Religion


You escaped.
You worshipped the Shining One.
The Shining One was exalted by your worship.
You were completely stuffed.

You visited 18 branches of the dungeon, and saw 86 of its levels.
You visited Pandemonium 1 time, and saw 20 of its levels.
You visited the Abyss 1 time.
You also visited: Sewer and Gauntlet.

You collected 11689 gold pieces.
You spent 2151 gold pieces at shops.

Inventory:

Hand Weapons
 a - a +9 broad axe of electrocution
   (You bought it in a shop on level 4 of the Dungeon)
 b - a +9 broad axe of holy wrath (weapon)
   (You bought it in a shop on level 2 of the Orcish Mines)
 F - a +0 whip of distortion
   (You took it off a kobold in a sewer)
 N - the +12 Vampire's Tooth {vamp}
   (You found it on level 3 of the Depths)

   It inflicts no extra harm, but heals its wielder when it wounds a living foe.
   The Shining One disapproves of the use of such an item.
Missiles
 x - 3 throwing nets (quivered)
Armour
 B - +12 gold dragon scales (worn)
   (You found it on level 5 of the Depths)
 D - a +2 cloak of magic resistance (worn)
   (You found it on level 3 of the Crypt)
 Q - a +2 large shield of protection (worn)
   (Okawaru gifted it to you on level 3 of the Lair of Beasts)
 X - the +0 pair of gloves of Complete Protection (worn) {rC+}
   (Okawaru gifted it to you on level 6 of the Lair of Beasts)

   It protects you from cold.
Jewellery
 c - an uncursed ring of magical power {unknown}
   (You found it in Pandemonium)
 f - a ring of protection from fire (right hand)
   (You bought it in a shop on level 2 of the Orcish Mines)
 i - the ring of Hirixtet {+Inv rC++ Int-2 Dex+2}
   (You took it off a balrug on level 7 of Gehenna)

   [ring of dexterity]

   It affects your intelligence (-2).
   It affects your dexterity (+2).
   It greatly protects you from cold.
   It lets you turn invisible.
 k - an uncursed ring of resist corrosion
   (You found it on level 5 of the Pits of Slime)
 p - an amulet of regeneration (around neck)
   (You found it on level 3 of the Tomb of the Ancients)
 w - the ring of Foecaen (left hand) {rF+ MP+9}
   (You found it in Pandemonium)

   [ring of protection from fire]

   It protects you from fire.
   It affects your magic capacity (+9).
 U - the ring of Focamat {-Tele rF++ rN+ Dex+4}
   (You found it in Pandemonium)

   [ring of positive energy]

   It affects your dexterity (+4).
   It greatly protects you from fire.
   It protects you from negative energy.
   It prevents most forms of teleportation.
Wands
 g - a wand of scattershot (15)
   (You found it on level 3 of the Dungeon)
 l - a wand of iceblast (27)
   (You took it off Ijyb on level 3 of the Dungeon)
 v - a wand of digging (16)
   (You found it on level 3 of the Swamp)
 G - a wand of paralysis (19)
   (You found it in Pandemonium)
 H - a wand of enslavement (11)
   (You found it on level 7 of the Dungeon)
 P - a wand of acid (35)
   (You found it on level 4 of the Vaults)
Scrolls
 j - a scroll of silence
 r - 21 scrolls of identify
 t - 5 scrolls of teleportation
 u - 11 scrolls of fog
 y - 15 scrolls of fear
 z - 10 scrolls of blinking
 E - 28 scrolls of remove curse
 I - 2 scrolls of magic mapping
 K - a scroll of holy word
 M - a scroll of brand weapon
 S - 11 scrolls of enchant weapon
 Y - 8 scrolls of immolation
Potions
 d - 6 potions of might
 m - 6 potions of ambrosia
 n - a potion of resistance
 o - 12 potions of brilliance
 q - 21 potions of curing
 s - 11 potions of agility
 A - 4 potions of magic
 C - 4 potions of mutation
 O - 10 potions of cancellation
 T - 6 potions of berserk rage
 W - 3 potions of invisibility
Miscellaneous
 L - a figurine of a ziggurat
 R - 6 boxes of beasts
 V - 3 phantom mirrors
 Z - a phial of floods
   (You found it in a Gauntlet)
Comestibles
 e - 33 rations


   Skills:
 O Level 27 Fighting
 - Level 26.0 Axes
 + Level 25.3 Armour
 * Level 16.5 Dodging
 + Level 25.3 Shields
 + Level 23.8 Invocations
 * Level 16.7 Evocations


You had 26 spell levels left.
You didn't know any spells.
Your spell library contained the following spells:

 Spells                   Type           Power        Failure   Level  Hunger
 Beastly Appendage        Tmut           #.....       92%         1    ##.....
 Shock                    Conj/Air       #...         92%         1    ##.....
 Sting                    Conj/Pois      #...         92%         1    ##.....
 Blink                    Tloc           N/A          98%         2    ###....
 Ensorcelled Hibernation  Hex/Ice        #.....       98%         2    ###....
 Shroud of Golubria       Chrm/Tloc      #.....       98%         2    ###....
 Sticks to Snakes         Tmut           #.......     98%         2    ###....
 Swiftness                Chrm/Air       #.......     98%         2    ###....
 Confuse                  Hex            #.......     100%        3    ####...
 Dazzling Spray           Conj/Hex       #.....       100%        3    ####...
 Gell's Gravitas          Tloc           #.........   100%        3    ####...
 Lesser Beckoning         Tloc           #.........   100%        3    ####...
 Spider Form              Tmut/Pois      #.........   100%        3    ####...
 Static Discharge         Conj/Air       #.......     100%        3    ####...
 Teleport Other           Tloc           #.......     100%        3    ####...
 Airstrike                Air            #.........   100%        4    #####..
 Force Lance              Conj/Tloc      #.......     100%        4    #####..
 Ice Form                 Ice/Tmut       #.......     100%        4    #####..
 Summon Lightning Spire   Summ/Air       #.......     100%        4    #####..
 Blade Hands              Tmut           #.........   100%        5    ######.
 Irradiate                Conj/Tmut      #.........   100%        5    ######.
 Lightning Bolt           Conj/Air       #.........   100%        5    ######.
 Silence                  Hex/Air        #.........   100%        5    ######.
 Conjure Ball Lightning   Conj/Air       #.........   100%        6    #######
 Deflect Missiles         Chrm/Air       #.........   100%        6    #######
 Freezing Cloud           Conj/Ice/Air   #.........   100%        6    #######
 Hydra Form               Tmut           #.........   100%        6    #######
 Dragon Form              Tmut           #.........   100%        7    #######
 Malign Gateway           Summ/Tloc      #.........   100%        7    #######
 Tornado                  Air            #.........   100%        9    #######
 Passage of Golubria      Tloc           Unusable     N/A         4    N/A
 Statue Form              Tmut/Erth      Unusable     N/A         6    N/A

Dungeon Overview and Level Annotations

Branches:
Dungeon (15/15)            Temple (1/1) D:5            Lair (6/6) D:10
  Swamp (4/4) Lair:3       Spider (4/4) Lair:2        Slime (5/5) Lair:6
    Orc (2/2) D:10            Elf (1/3) Orc:2        Vaults (5/5) D:14
  Crypt (3/3) Vaults:2       Tomb (3/3) Crypt:3      Depths (5/5) D:15
   Hell (visited)             Dis (7/7) Hell            Geh (7/7) Hell
    Coc (7/7) Hell            Tar (7/7) Hell            Zot (5/5) Depths:5
  Sewer (visited)         Gauntlet (visited)

Altars:
Ashenzari
Cheibriados
Dithmenos
Elyvilon
Fedhas
Gozag
Hepliaklqana
Kikubaaqudgha
Makhleb
Nemelex Xobeh
Okawaru
Qazlal
Ru
Sif Muna
Trog
Uskayaw
Vehumet
Wu Jian
Xom
Yredelemnul
Zin
The Shining One
Beogh
Jiyva

Shops:
D:4 (   D:13 =   Orc:1 :   Orc:2 ((==   Vaults:1 !   Vaults:4 !   Depths:1 }

Portals:
Hell: Depths:1 Depths:2 Depths:3 Depths:5
Abyss: Depths:1 Depths:2
Pandemonium: Depths:2 Depths:3

Annotations:
Lair:3 exclusion: 4 oklob plants
Depths:1 1 runed translucent door


Innate Abilities, Weirdness & Mutations

You are resistant to torment.
Your stone body is resilient. (AC +20)
You are immune to poison.
Your large and strong wings let you fly indefinitely.
You resist negative energy. (rN+)
You are resistant to electric shocks. (rElec)
You can survive without breathing.
You are immune to petrification.
You are immune to rotting.
You have a pair of small antennae on your head.
You have sharp fingernails.
You have large cloven feet.
You tend to lose your temper in combat.
You are clumsy. (Dex -2)
Your magical capacity is low. (-10% MP)
You are resistant to hostile enchantments. (MR+)
You are robust. (+10% HP)
You frequently scream uncontrollably at your foes.
You are covered in fur. (AC +1)
You do not regenerate when monsters are visible.
You are occasionally teleported next to monsters.
You are very weak. (Str -4)
Potions are less effective at restoring your health.
Your spells are easier to cast, but less powerful.


Message History

(D) Dungeon (T) Temple (L) Lair (S) Swamp (N) Spider Nest (M) Slime Pits (O) Orcish Mines (E) Elven Halls (V) Vaults (C) Crypt (W) Tomb (U) Depths (H) Hell (I) Dis (G) Gehenna (X) Cocytus (Y) Tartarus (Z) Zot
Where to? (Enter - D:1, ? - help)
There is a stone staircase leading up here.
You fly upwards.
There is a stone staircase leading down here.
There is a stone staircase leading up here.
You fly upwards.
There is a stone staircase leading down here.
There is a stone staircase leading up here.
You fly upwards.
There is a stone staircase leading down here.
There is a stone staircase leading up here.
You fly upwards.
There is a stone staircase leading down here.
There is a staircase leading out of the dungeon here.
You have escaped!

####.##.#######
#.##.......#
#.##.......####
####.##..........##
..##.##.......##..###
..##.##.#####.#.#.#.#
......#># #.#.#.#.##
..#####.# ##.#.#.#.#
..'.....# #.#.#@#.##
..####### ##.#.#.#.#
........# #.#.#.#.##
...(..#.#####.#.#.#.#
......#....).#.#.#.####
.....(#.###...........##
#.....#.# ###########..#
#.....#.# #...#.).##.##
....).#.###
#.#.#.#.##..##


There were no monsters in sight!

Vanquished Creatures
  Antaeus (Coc:7)
  Asmodeus (Geh:7)
  Ereshkigal (Tar:7)
  the Royal Jelly (Slime:5)
  Gloorx Vloq (Pan)
  Lom Lobon (Pan)
  Mnoleg (Pan)
  the Serpent of Hell (Tar:7)
  Dispater (Dis:7)
  2 ancient liches
  6 pandemonium lords
  Mennas (Crypt:2)
  7 orbs of fire (Zot:5)
  A juggernaut (Depths:3)
  18 greater mummies
  Bai Suzhen (Spider:3)
  Boris (thrice) (Vaults:4 Tomb:1 Depths:5)
  A shard shrike (Coc:7)
  3 Killer Klowns (Zot:5)
  A caustic shrike (Depths:5)
  A caustic shrike (shapeshifter) (Vaults:2)
  Geryon (Hell)
  A profane servitor (Abyss:5)
  7 golden dragons
  11 bone dragons
  13 Brimstone Fiends
  21 Tzitzimimeh
  5 Hell Sentinels
  Rupert (D:15)
  15 Ice Fiends
  9 tentacled monstrosities
  26 Orb Guardians
  3 doom hounds
  2 electric golems (Zot:5)
  5 iron giants
  A shard shrike skeleton (Crypt:2)
  2 deep elf master archers
  4 deep elf blademasters
  12 liches
  16 titans
  23 ancient champions
  Frances (Swamp:2)
  12 sphinxes
  3 quicksilver dragons
  26 acid blobs
  The ghost of Hitore the Spry, an adept MfTm of Okawaru (Spider:3)
  An eldritch tentacle (Tar:6)
  22 Executioners (Pan)
  Kirke (Spider:1)
  2 tentacled starspawn (Abyss:5)
  A thorn hunter (Swamp:2)
  2 death cobs
  12 shadow dragons
  Donald (Vaults:3)
  6 storm dragons
  4 tengu reavers
  25 fire giants
  3 draconian monks
  7 azure jellies
  5 blood saints (Pan)
  2 revenants
  6 iron dragons
  25 frost giants
  4 ghost moths
  14 vault wardens
  Aizul (Spider:1)
  5 draconian knights (Zot:5)
  18 balrugs
  16 cacodemons
  5 draconian scorchers
  An orc warlord (Orc:2)
  Louise (Swamp:2)
  8 warmongers
  7 emperor scorpions (Spider:4)
  An angel (Pan)
  4 draconian annihilators
  12 ironheart preservers
  5 curse skulls
  2 draconian stormcallers (Depths:5)
  63 reapers
  2 draconian shifters
  26 large abominations
  3 elemental wellsprings (Coc:7)
  18 very ugly things
  3 small abominations
  3 spriggan defenders
  34 stone giants
  11 war gargoyles
  12 vampire knights
  4 bennus (Tomb:2)
  8 entropy weavers
  5 green draconians
  A spark wasp (shapeshifter) (Vaults:5)
  4 black draconians
  6 lorocyprocas
  5 corrupters
  5 black suns (Pan)
  2 deep elf demonologists
  3 yellow draconians
  2 deep elf annihilators
  5 purple draconians
  6 spark wasps
  7 red draconians
  12 green deaths
  The ghost of Dyst the Fighter, a journeyman GrFi of Okawaru (Lair:3)
  2 white draconians (Zot:5)
  11 eidola
  The ghost of MordorOrchid the Grappler, a journeyman MiEE of Cheibriados (D:13)
  A minotaur (Gauntlet)
  18 blizzard demons
  26 mummy priests
  5 ettins
  8 deep elf death magi
  Josephine (D:14)
  8 quicksilver dragon zombies
  14 fire dragons
  23 ogre magi
  13 yaktaur captains
  2 jiangshi (Crypt:2)
  3 death oozes (Slime:5)
  11 great orbs of eyes
  3 kraken zombies
  A great orb of eyes (shapeshifter) (Vaults:5)
  4 deep elf high priests
  5 spriggan air magi
  27 vault guards
  8 hell beasts
  Erolcha (D:10)
  8 monstrous demonspawn
  28 ice dragons
  7 quicksilver dragon skeletons
  2 ghost crabs
  13 hydras
  2 rakshasas
  8 centaur warriors
  2 death knights (Vaults:3)
  2 dancing weapons (Vaults:5)
  75 two-headed ogres
  18 death scarabs
  9 deep troll shamans
  3 vampire magi
  4 deep troll earth magi
  6 titan zombies
  6 alligators
  5 orc high priests
  2 spriggan berserkers
  6 tengu warriors
  5 hell hogs
  12 deep elf knights
  44 sun demons
  27 soul eaters
  40 hell knights
  Urug (D:10)
  3 iron golems
  A shock serpent (shapeshifter) (Vaults:5)
  3 iron trolls
  6 storm dragon zombies
  12 spriggans
  7 shadow wraiths
  9 titan skeletons
  A death drake (shapeshifter) (Vaults:5)
  6 torturous demonspawn
  123 skeletal warriors
  24 sixfirhies
  3 storm dragon skeletons
  4 infernal demonspawn (Pan)
  A ghost moth zombie (Tar:2)
  8 flayed ghosts
  4 golden dragon zombies
  21 deep trolls
  A spriggan druid (Swamp:2)
  8 gelid demonspawn
  7 anaconda zombies
  19 shadow demons
  3 glowing orange brains
  3 swamp dragons
  2 unseen horrors
  A lindwurm (shapeshifter) (Depths:3)
  4 wolf spider zombies
  5 anaconda skeletons
  5 wizards
  22 phantasmal warriors
  15 orc knights
  Pikel (D:6)
  11 deep elf archers
  18 ironbrand convokers
  3 iron dragon zombies
  4 golden dragon skeletons
  8 stone giant zombies
  7 frost giant zombies
  2 wolf spiders (shapeshifter)
  4 harpies (Vaults:4)
  42 necromancers
  19 orb spiders
  4 shadow dragon zombies
  34 wolf spiders
  12 deep elf magi
  A mana viper (shapeshifter) (Vaults:5)
  3 manticores
  8 shadow dragon skeletons
  2 shining eyes
  3 draconians (Abyss:5)
  A salamander (shapeshifter) (Vaults:1)
  3 orc sorcerers (Orc:2)
  11 fire giant zombies
  A manticore (shapeshifter) (Vaults:3)
  64 ugly things
  A moth of wrath (shapeshifter) (Vaults:1)
  8 cyclopes
  3 dire elephant zombies
  9 elephants
  Joseph (D:9)
  7 frost giant skeletons
  5 stone giant skeletons
  11 moths of wrath
  7 black mambas
  20 rust devils
  3 iron dragon skeletons
  4 fire giant skeletons
  A shock serpent zombie (Tar:5)
  33 smoke demons
  An eye of devastation (Pan)
  17 molten gargoyles
  8 vault sentinels
  3 gargoyles
  28 spiny frogs
  3 ice statues
  A shock serpent skeleton (Tar:7)
  A guardian serpent (shapeshifter) (Vaults:1)
  5 centaur skeletons
  4 torpor snails
  3 emperor scorpion zombies
  23 hellions
  48 yaktaurs
  15 orange demons
  12 komodo dragons
  49 freezing wraiths
  An anaconda simulacrum (Crypt:2)
  5 dire elephant skeletons
  A white draconian zombie (Geh:3)
  34 tormentors
  9 efreet
  A yaktaur (shapeshifter) (Depths:2)
  A death yak skeleton (Crypt:2)
  A minotaur zombie (Crypt:1)
  22 demonic crawlers
  41 ice devils
  A catoblepas skeleton (Geh:7)
  A red draconian skeleton (Crypt:1)
  25 hellwings
  39 guardian mummies
  9 trolls
  3 harpy zombies
  29 red devils
  A silent spectre (Tar:2)
  A wind drake (shapeshifter) (Vaults:1)
  7 tengu conjurers
  47 jumping spiders
  7 tyrant leeches
  4 harpy skeletons
  21 hydra zombies
  A wolf spider simulacrum (D:15)
  A polar bear (Lair:2)
  21 hornets
  9 ettin zombies
  7 alligator zombies
  8 fire dragon zombies
  A raiju (shapeshifter) (Depths:1)
  A moth of wrath zombie (Crypt:1)
  14 bog bodies
  36 blink frogs
  An iron dragon simulacrum (Hell)
  A hippogriff (shapeshifter) (Vaults:3)
  6 hydra skeletons
  A meliai zombie (D:15)
  4 ice dragon zombies
  A fire giant simulacrum (Coc:7)
  A stone giant simulacrum (Tar:5)
  81 slime creatures
  10 hippogriffs
  2 frost giant simulacra
  8 dream sheep
  3 ice dragon skeletons
  3 alligator skeletons
  2 black mamba zombies
  38 tarantellas
  15 fire dragon skeletons
  151 flying skulls
  A spriggan (shapeshifter) (Depths:1)
  30 shadows
  33 wraiths
  8 ettin skeletons
  75 redbacks
  A tarantella (shapeshifter) (D:13)
  4 wyverns
  27 yaks
  18 ushabtiu
  3 basilisks
  18 ynoxinuls
  21 fire elementals
  2 humans (shapeshifter)
  3 black mamba skeletons
  A dire elephant simulacrum (Hell)
  5 hogs (Spider:1)
  19 water elementals
  6 fire bats
  2 golden eyes (Slime:5)
  2 hungry ghosts
  6 swamp worm simulacra (Swamp:4)
  24 chaos spawn
  18 neqoxecs
  19 vampire mosquitoes
  3 spatial vortices (Geh:1)
  8 wargs
  A harpy simulacrum (Tar:5)
  7 swamp worms
  3 acid dragons
  24 insubstantial wisps
  2 merfolk zombies
  13 water moccasins
  41 hell hounds
  10 porcupines
  9 spiny frog zombies
  An infernal demonspawn skeleton (Crypt:2)
  17 hydra simulacra
  9 swamp drakes
  3 swamp dragon zombies
  A monstrous demonspawn skeleton (Crypt:2)
  3 slaves (D:6)
  2 sky beasts
  A spiny frog skeleton (Geh:3)
  2 black bears
  58 orc warriors
  5 snapping turtle zombies
  6 manticore zombies
  9 phantoms
  A black bear (shapeshifter) (Vaults:2)
  12 ice beasts
  15 necrophages
  An eye of draining (shapeshifter) (Vaults:4)
  4 wolves (Lair:2)
  17 boggarts
  A fire dragon simulacrum (Crypt:2)
  A snapping turtle skeleton (Tar:3)
  6 manticore skeletons
  An ettin simulacrum (Coc:3)
  59 ogres
  20 centaurs
  4 swamp dragon skeletons
  6 eyes of draining
  A crocodile (shapeshifter) (Depths:5)
  17 crocodiles
  Blork the orc (D:6)
  A hog skeleton (Crypt:1)
  An elf zombie (Crypt:3)
  29 bullfrogs
  A gnoll sergeant (D:10)
  2 spiny frog simulacra
  A water moccasin zombie (D:12)
  11 wyvern skeletons
  5 scorpions
  2 human simulacra
  2 spriggan zombies
  13 killer bees
  2 spriggan skeletons
  78 wights
  A yak skeleton (Crypt:1)
  A howler monkey (D:13)
  7 electric eels
  8 crimson imps
  2 bullfrog zombies
  A human zombie (Crypt:3)
  4 quasits
  7 centaur zombies
  4 hounds
  A jelly (D:6)
  2 bullfrog skeletons
  40 orc priests
  20 iron imps
  A porcupine zombie (Crypt:2)
  4 iguanas
  Ijyb (D:3)
  30 orc wizards
  7 worker ants
  A naga zombie (Geh:7)
  2 ogre zombies
  A tengu skeleton (Crypt:3)
  A dwarf skeleton (Crypt:2)
  An ogre skeleton (Crypt:2)
  A hound zombie (D:8)
  42 mummies
  2 worker ant zombies
  3 gnolls (D:9)
  19 adders
  17 shadow imps
  21 white imps
  4 ufetubi
  3 oozes
  2 swamp drake simulacra (Swamp:4)
  An adder zombie (D:6)
  4 adder skeletons
  A lava snake skeleton (Crypt:1)
  A ball lightning (Pan)
  A dart slug (D:1)
  2 leopard geckos
  152 orcs
  A ball python (Sewer)
  4 giant cockroaches (D:2)
  6 goblins
  3 hobgoblins
  A jackal (D:2)
  3 quokkas
  12 bats
  4 frilled lizards
  A goblin skeleton (Crypt:1)
  A jackal skeleton (D:6)
  22 kobolds
  A leopard gecko skeleton (D:6)
  An orc zombie (Crypt:3)
  2 quokka skeletons
  6 rats
  A rat zombie (Crypt:2)
  5 crawling corpses
  2 fire vortices (Pan)
  2 fungi (Lair:1)
  14 plants
  5 tentacles
  A withered plant (Crypt:3)
4375 creatures vanquished.

Vanquished Creatures (collateral kills)
  Cerebov (Pan)
  An orb of fire (Zot:5)
  2 greater mummies (Tomb:1)
  An iron giant (Dis:5)
  2 Hell Sentinels (Dis:7)
  An Ice Fiend (Coc:7)
  An Orb Guardian (Zot:5)
  A titan (Tomb:3)
  An Executioner (Pan)
  An eldritch tentacle (Pan)
  An acid blob (Slime:5)
  An ancient champion (Dis:5)
  A warmonger (Pan)
  An iron dragon (Dis:7)
  3 cacodemons (Pan)
  2 draconian stormcallers (Depths:5)
  3 reapers
  A war gargoyle (Dis:7)
  4 balrugs (Pan)
  A stone giant (Tomb:1)
  An ettin (Depths:5)
  2 blizzard demons (Coc:7)
  2 mummy priests
  2 ice dragons (Coc:7)
  A ghost crab (Tar:7)
  A monstrous demonspawn (Pan)
  A soul eater (Tar:7)
  A shadow wraith (Tar:7)
  4 sun demons (Pan)
  4 sixfirhies (Pan)
  7 skeletal warriors
  A shadow demon (Tar:7)
  A cherub (Depths:3)
  A flayed ghost (Dis:5)
  A deep elf archer (Tomb:1)
  A frost giant zombie (Dis:5)
  A shadow dragon skeleton (Tar:7)
  2 deep elf magi (Tomb:1)
  A rust devil (Dis:5)
  A smoke demon (Pan)
  5 orange demons (Pan)
  2 freezing wraiths
  3 efreet (Pan)
  3 ice devils (Coc:7)
  4 guardian mummies (Tomb:3)
  3 tormentors
  3 red devils
  A bog body (Coc:7)
  2 slime creatures (Slime:5)
  6 flying skulls
  2 ynoxinuls (Pan)
  2 ushabtiu
  2 golden eyes (Slime:5)
  A chaos spawn (Pan)
  3 neqoxecs (Pan)
  2 large abominations (Pan)
  An eye of draining (Pan)
  2 iron imps (Dis:7)
  4 mummies
  A fire vortex (Pan)
118 creatures vanquished.

Vanquished Creatures (others)
  A juggernaut (Depths:2)
  Margery (Crypt:2)
  A fire giant (Depths:2)
  A very ugly thing (Depths:3)
  An elemental wellspring (Coc:7)
  A spark wasp (Depths:2)
  A blizzard demon (Pan)
  An ice dragon (Coc:7)
  A deep elf archer (Crypt:3)
  An ugly thing (Depths:2)
  A tengu conjurer (Depths:2)
  A guardian mummy (Tomb:3)
  A fire dragon skeleton (Coc:7)
  2 flying skulls
  A ynoxinul (Pan)
  An insubstantial wisp (Swamp:2)
  A swamp worm (Swamp:4)
  A boggart (Depths:2)
  An orc wizard (Vaults:1)
  10 ball lightnings
  2 demonic plants (Gauntlet)
  12 fungi
  A lurking horror (Abyss:5)
  29 plants
  4 starspawn tentacles (Abyss:5)
  8 tentacles
86 creatures vanquished.

Grand Total: 4579 creatures vanquished

Notes
Turn   | Place    | Note
-------+----------+-------------------------------------------
     0 | D:1      | P0WERM0DE the Gargoyle Fighter began the quest for the Orb.
     0 | D:1      | Reached XP level 1. HP: 14/14 MP: 1/1
    68 | D:1      | Reached XP level 2. HP: 19/19 MP: 2/2
   545 | D:1      | Reached XP level 3. HP: 22/24 MP: 3/3
  1057 | D:2      | Reached XP level 4. HP: 29/29 MP: 4/4
  1136 | D:3      | Reached skill level 4 in Fighting
  1226 | D:3      | You fall into a shaft and drop 2 floors!
  1226 | D:5      | Entered Level 5 of the Dungeon
  1236 | D:5      | Found a glowing silver altar of Zin.
  1244 | D:5      | Reached skill level 1 in Dodging
  1327 | D:5      | Reached XP level 5. HP: 30/33 MP: 5/5
  1702 | D:4      | Found Ackos's Antique Weapon Boutique.
  2175 | D:4      | Found a hide-covered altar of Uskayaw.
  2427 | D:3      | Found an iron altar of Okawaru.
  2435 | D:3      | Became a worshipper of Warmaster Okawaru
  2603 | D:3      | Noticed Ijyb
  2608 | D:3      | Killed Ijyb
  2823 | D:4      | Noticed a centaur
  2826 | D:4      | Killed a centaur
  2826 | D:4      | Reached XP level 6. HP: 35/40 MP: 6/6
  3028 | D:4      | Bought a glowing broad axe for 189 gold pieces
  3081 | D:5      | Found a staircase to the Ecumenical Temple.
  3091 | D:5      | Got a smelly scale mail
  3102 | D:5      | Identified the +5 scale mail "Duvice" {rC+ Regen+ Int-5}
                  | (You found it on level 5 of the Dungeon)
  3599 | D:6      | Reached skill level 5 in Fighting
  3603 | D:6      | Reached XP level 7. HP: 35/44 MP: 7/7
  3658 | D:6      | Reached * piety under Okawaru
  3724 | D:6      | Noticed Pikel
  3737 | D:6      | Killed Pikel
  3737 | D:6      | Reached ** piety under Okawaru
  3737 | D:6      | Reached *** piety under Okawaru
  3737 | D:6      | Reached skill level 6 in Fighting
  3737 | D:6      | Reached skill level 5 in Axes
  3737 | D:6      | Reached skill level 5 in Armour
  3737 | D:6      | Reached skill level 5 in Shields
  3737 | D:6      | Reached XP level 8. HP: 51/52 MP: 8/8
  3824 | D:6      | Noticed Blork the orc
  3832 | D:6      | Killed Blork the orc
  3932 | D:6      | Found a bloodstained altar of Trog.
  4040 | D:6      | Found a glowing drain.
  4069 | D:6      | Reached skill level 7 in Fighting
  4101 | Sewer    | Entered a sewer
  4459 | D:6      | Reached XP level 9. HP: 57/57 MP: 9/9
  4470 | D:6      | Found a sacrificial altar of Ru.
  4470 | D:6      | Found a hazy altar of Hepliaklqana.
  4475 | D:6      | Found an opulent altar of Gozag.
  4477 | D:6      | Found a shadowy altar of Dithmenos.
  4479 | D:6      | Found a white marble altar of Elyvilon.
  4687 | D:7      | Reached **** piety under Okawaru
  5257 | D:8      | Found a shimmering blue altar of Sif Muna.
  5297 | D:9      | Noticed a hornet
  5302 | D:9      | Noticed Joseph
  5304 | D:9      | Killed a hornet
  5306 | D:9      | Reached skill level 8 in Fighting
  5313 | D:9      | Killed Joseph
  5313 | D:9      | Reached ***** piety under Okawaru
  5351 | D:9      | Reached XP level 10. HP: 34/65 MP: 10/10
  5375 | D:9      | Got a bronze scale mail
  5376 | D:9      | Identified the +2 scale mail of Tulips {rElec rCorr} (You
                  | found it on level 9 of the Dungeon)
  5509 | D:9      | Reached skill level 9 in Fighting
  5526 | D:9      | Received a gift from Okawaru
  5529 | D:9      | Got a pair of faintly humming gloves {god gift}
  5540 | D:9      | Identified the +0 pair of gloves of Juepyenn {rElec rPois
                  | Str+3 Int+4} (Okawaru gifted it to you on level 9 of the
                  | Dungeon)
  5802 | D:9      | Noticed a two-headed ogre
  5806 | D:9      | Killed a two-headed ogre
  5892 | D:9      | Found an ornate altar of the Wu Jian Council.
  6065 | D:9      | Reached skill level 5 in Dodging
  6157 | D:9      | Reached skill level 10 in Fighting
  6287 | D:10     | Entered Level 10 of the Dungeon
  6298 | D:10     | Noticed a two-headed ogre
  6306 | D:10     | Killed a two-headed ogre
  6306 | D:10     | Reached XP level 11. HP: 63/72 MP: 11/11
  6506 | D:10     | Noticed a two-headed ogre
  6512 | D:10     | Killed a two-headed ogre
  6527 | D:10     | Noticed a two-headed ogre
  6534 | D:10     | Noticed a cyan ugly thing
  6535 | D:10     | Killed a two-headed ogre
  6542 | D:10     | Killed a cyan ugly thing
  6644 | D:10     | Got a dazzling crystal plate armour
  6655 | D:10     | Identified the +7 crystal plate armour of Jeisovva {-Cast
                  | Int+4 Dex+5} (You found it on level 10 of the Dungeon)
  6668 | D:10     | Identified the +0 scale mail of Lodisisa {rC++ MR- Dex+2}
                  | (You found it on level 10 of the Dungeon)
  6756 | D:10     | Reached ****** piety under Okawaru
  6881 | D:10     | Reached skill level 11 in Fighting
  7255 | D:10     | Noticed Urug
  7268 | D:10     | Killed Urug
  7410 | D:10     | Noticed Erolcha
  7414 | D:10     | Killed Erolcha
  7419 | D:10     | Found a staircase to the Lair.
  7433 | D:10     | Reached XP level 12. HP: 80/80 MP: 12/12
  7436 | D:10     | Found a staircase to the Orcish Mines.
  8026 | D:11     | Found an opulent altar of Gozag.
  8144 | D:11     | Received a gift from Okawaru
  8147 | D:11     | Got a faintly humming plate armour {god gift}
  8148 | D:11     | Identified the +8 plate armour of Pride {Str+6 Dex+3
                  | Stlth-} (Okawaru gifted it to you on level 11 of the
                  | Dungeon)
  8245 | D:11     | Reached skill level 10 in Axes
  8253 | D:11     | Reached skill level 12 in Fighting
  8724 | D:12     | Noticed a four-headed hydra
  8732 | D:12     | Killed an eight-headed hydra
  8870 | D:12     | You fall into a shaft and drop 3 floors!
  8870 | D:15     | Entered Level 15 of the Dungeon
  9337 | D:15     | Noticed Rupert
  9357 | D:15     | Killed Rupert
  9357 | D:15     | Received a gift from Okawaru
  9357 | D:15     | Reached XP level 13. HP: 67/87 MP: 6/13
  9358 | D:15     | Found the +8 Wrath of Trog {antimagic, *Rage}
  9770 | D:15     | Found a staircase to the Depths.
  9770 | D:15     | Noticed a yaktaur captain
  9774 | D:15     | Killed a yaktaur captain
  9774 | D:15     | Reached skill level 13 in Fighting
  9887 | D:15     | Reached skill level 10 in Armour
 10443 | D:15     | Reached skill level 10 in Shields
 10446 | D:14     | Noticed Josephine
 10461 | D:14     | Killed Josephine
 10461 | D:14     | Received a gift from Okawaru
 10644 | D:14     | Found a blossoming altar of Fedhas.
 10855 | D:14     | Noticed an ironheart preserver
 10869 | D:14     | Killed an ironheart preserver
 10869 | D:14     | Received a gift from Okawaru
 10985 | D:14     | Found a gate to the Vaults.
 11462 | D:13     | Gained mutation: Your large and strong wings let you fly
                  | indefinitely. [Gargoyle growth]
 11462 | D:13     | Reached XP level 14. HP: 92/95 MP: 14/14
 11602 | D:13     | Found a runed translucent door.
 11602 | D:13     | Noticed MordorOrchid's ghost (journeyman MiEE)
 11626 | D:13     | Killed MordorOrchid's ghost
 11699 | D:13     | Found Kuen's Jewellery Shoppe.
 12001 | D:13     | Reached skill level 14 in Fighting
 12964 | Lair:1   | Entered Level 1 of the Lair of Beasts
 12997 | Lair:1   | Found a gate leading to a gauntlet.
 13010 | Gauntlet | Entered a Gauntlet
 13010 | Gauntlet | Found a transporter.
 13010 | Gauntlet | Found a transporter.
 13014 | Gauntlet | Found a transporter.
 13015 | Gauntlet | Found a transporter.
 13024 | Gauntlet | Found a transporter.
 13024 | Gauntlet | Noticed a cacodemon
 13028 | Gauntlet | Found a transporter.
 13038 | Gauntlet | Found a transporter.
 13130 | Gauntlet | Found a transporter.
 13132 | Gauntlet | Found a transporter.
 13140 | Gauntlet | Found a transporter.
 13144 | Gauntlet | Found a transporter.
 13154 | Gauntlet | Found a transporter.
 13272 | Gauntlet | Received a gift from Okawaru
 13283 | Gauntlet | Got a smoking helmet
 13302 | Gauntlet | Identified the +0 helmet "Dorim" {-Cast rElec rPois Dex+4}
                  | (You found it in a Gauntlet)
 13353 | Gauntlet | Got a translucent bronze amulet
 13355 | Gauntlet | Identified the amulet "Mir Fid" {Spirit Dex+3} (You found
                  | it in a Gauntlet)
 14076 | Lair:2   | Found a hole to the Spider Nest.
 14422 | Lair:2   | Reached skill level 1 in Evocations
 14581 | Lair:3   | Found a runed translucent gate.
 14581 | Lair:3   | Found a runed translucent gate.
 14581 | Lair:3   | Found a runed translucent gate.
 14584 | Lair:3   | Reached skill level 1 in Invocations
 14588 | Lair:3   | Noticed Dyst's ghost (journeyman GrFi)
 14599 | Lair:3   | Received a gift from Okawaru
 14623 | Lair:3   | Killed Dyst's ghost
 15369 | Lair:3   | Found a staircase to the Swamp.
 15374 | Lair:3   | Reached XP level 15. HP: 98/101 MP: 14/16
 16390 | Lair:5   | Reached skill level 15 in Fighting
 17047 | Lair:6   | Entered Level 6 of the Lair of Beasts
 17054 | Lair:6   | Received a gift from Okawaru
 17061 | Lair:6   | Got a pair of steaming gloves {god gift}
 17062 | Lair:6   | Identified the +0 pair of gloves of Complete Protection
                  | {rC+} (Okawaru gifted it to you on level 6 of the Lair of
                  | Beasts)
 17726 | Lair:6   | Reached skill level 5 in Evocations
 17975 | Lair:6   | Found a viscous altar of Jiyva.
 17976 | Lair:6   | Found a staircase to the Slime Pits.
 18277 | Swamp:1  | Entered Level 1 of the Swamp
 18495 | Swamp:2  | Noticed Louise
 18505 | Swamp:2  | Received a gift from Okawaru
 18515 | Swamp:2  | Killed Louise
 18515 | Swamp:2  | Reached XP level 16. HP: 96/109 MP: 15/20
 19025 | Swamp:2  | Noticed Frances
 19040 | Swamp:2  | Killed Frances
 19084 | Swamp:2  | Reached skill level 5 in Invocations
 19285 | Swamp:2  | Noticed a thorn hunter
 19297 | Swamp:2  | Killed a thorn hunter
 19297 | Swamp:2  | Received a gift from Okawaru
 19655 | Swamp:3  | Reached skill level 16 in Fighting
 19933 | Swamp:4  | Entered Level 4 of the Swamp
 20809 | Swamp:4  | Got a decaying rune of Zot
 20975 | Spider:1 | Entered Level 1 of the Spider Nest
 21009 | Spider:1 | Noticed Aizul
 21030 | Spider:1 | Killed Aizul
 21079 | Spider:1 | Noticed Kirke
 21095 | Spider:1 | Received a gift from Okawaru
 21104 | Spider:1 | Killed Kirke
 21218 | Spider:1 | Reached XP level 17. HP: 116/116 MP: 21/21
 21947 | Spider:2 | Received a gift from Okawaru
 22238 | Spider:3 | Reached skill level 17 in Fighting
 22264 | Spider:3 | Found a runed translucent door.
 22264 | Spider:3 | Noticed Hitore's ghost (adept MfTm)
 22360 | Spider:3 | Killed Hitore's ghost
 22886 | Spider:3 | Received a gift from Okawaru
 23374 | Spider:3 | Noticed Bai Suzhen
 23409 | Spider:3 | Killed Bai Suzhen
 23562 | Spider:4 | Entered Level 4 of the Spider Nest
 23575 | Spider:4 | Reached skill level 15 in Axes
 23661 | Spider:4 | Reached XP level 18. HP: 119/124 MP: 17/24
 24261 | Spider:4 | Received a gift from Okawaru
 24301 | Spider:4 | Reached skill level 18 in Fighting
 24522 | Spider:4 | Got a gossamer rune of Zot
 24781 | Orc:1    | Entered Level 1 of the Orcish Mines
 24873 | Orc:1    | Found Orilycw's Book Shop.
 25220 | Orc:1    | Found a roughly hewn altar of Beogh.
 25420 | Orc:2    | Entered Level 2 of the Orcish Mines
 25928 | Orc:2    | Received a gift from Okawaru
 26018 | Orc:2    | Got a vibrating bone ring
 26046 | Orc:2    | Identified the ring of the Lion {MR+ Str-5 Int+2 Dex+4
                  | Slay+2} (You found it on level 2 of the Orcish Mines)
 26073 | Orc:2    | Found a staircase to the Elven Halls.
 26284 | Orc:2    | Received a gift from Okawaru
 26291 | Orc:2    | Found a roughly hewn altar of Beogh.
 26302 | Orc:2    | Found Byzah's Jewellery Shop.
 26550 | Orc:2    | Found Jifidd's Jewellery Emporium.
 26875 | Orc:2    | Found a roughly hewn altar of Beogh.
 27035 | Orc:2    | Found Jued's Weapon Boutique.
 27048 | Orc:2    | Found Xoloirghorchu's Antique Weapon Shop.
 27061 | Orc:2    | Bought a runed broad axe for 203 gold pieces
 27374 | Vaults:1 | Entered Level 1 of the Vaults
 27619 | Vaults:1 | Reached XP level 19. HP: 128/131 MP: 26/26
 27774 | Vaults:1 | Paralysed by an ogre mage for 7 turns
 28139 | Vaults:1 | Reached skill level 10 in Invocations
 28337 | Vaults:1 | Received a gift from Okawaru
 28356 | Vaults:1 | Reached skill level 19 in Fighting
 28657 | Vaults:1 | Found Qorenleo's Distillery.
 28666 | Vaults:1 | Bought a potion of curing for 48 gold pieces
 28666 | Vaults:1 | Bought a potion of curing for 48 gold pieces
 28666 | Vaults:1 | Bought a potion of agility for 64 gold pieces
 28666 | Vaults:1 | Bought a potion of curing for 48 gold pieces
 28666 | Vaults:1 | Bought 2 potions of ambrosia for 256 gold pieces
 28666 | Vaults:1 | Bought a potion of lignification for 48 gold pieces
 29620 | Vaults:2 | Paralysed by a great orb of eyes for 2 turns
 29872 | Vaults:2 | Found a staircase to the Crypt.
 30262 | Vaults:2 | Noticed a caustic shrike
 30270 | Vaults:2 | Killed a caustic shrike
 30270 | Vaults:2 | Reached XP level 20. HP: 139/139 MP: 28/28
 30453 | Vaults:3 | Received a gift from Okawaru
 30719 | Vaults:3 | Noticed Donald
 30739 | Vaults:3 | Killed Donald
 30739 | Vaults:3 | Reached skill level 15 in Armour
 31230 | Vaults:3 | Reached skill level 15 in Shields
 31688 | Vaults:3 | Received a gift from Okawaru
 31708 | Vaults:3 | Reached skill level 20 in Fighting
 31711 | Vaults:3 | Got a sapphire broad axe {god gift}
 31712 | Vaults:3 | Identified the +3 broad axe of the Vulture {chop, rPois
                  | Int+4 Dex+4} (Okawaru gifted it to you on level 3 of the
                  | Vaults)
 32081 | Vaults:4 | Paralysed by an ogre mage for 4 turns
 32233 | Vaults:4 | Paralysed by an ogre mage for 4 turns
 32493 | Vaults:4 | Received a gift from Okawaru
 32493 | Vaults:4 | Reached XP level 21. HP: 144/146 MP: 27/29
 32591 | Vaults:4 | Found Atekoutt's Distillery.
 32599 | Vaults:4 | Bought a potion of heal wounds for 115 gold pieces
 32599 | Vaults:4 | Bought 2 potions of might for 184 gold pieces
 32599 | Vaults:4 | Bought a potion of might for 92 gold pieces
 32599 | Vaults:4 | Bought 2 potions of agility for 184 gold pieces
 32599 | Vaults:4 | Bought a potion of curing for 69 gold pieces
 32599 | Vaults:4 | Bought a potion of mutation for 184 gold pieces
 32599 | Vaults:4 | Bought a potion of curing for 69 gold pieces
 33267 | Vaults:4 | Noticed Boris
 33280 | Vaults:4 | Killed Boris
 33479 | Vaults:5 | Entered Level 5 of the Vaults
 33507 | Vaults:4 | Received a gift from Okawaru
 34119 | Vaults:5 | Reached skill level 21 in Fighting
 34300 | Vaults:5 | Received a gift from Okawaru
 34396 | Vaults:5 | Noticed a golden dragon
 34416 | Vaults:5 | Killed a golden dragon
 34416 | Vaults:5 | Reached XP level 22. HP: 148/155 MP: 27/31
 34432 | Vaults:5 | Identified the +4 leather armour of Integrity {*Contam
                  | Str+7 Int+4}
 34490 | Vaults:5 | Found the +9 sword of Zonguldrok {reap}
 34939 | Vaults:5 | Received a gift from Okawaru
 35413 | Vaults:5 | Got a fine hat
 35424 | Vaults:5 | Identified the +2 hat of the Townfolk {rN+} (You found it
                  | on level 5 of the Vaults)
 35427 | Vaults:5 | Got a silver rune of Zot
 35436 | Vaults:5 | Identified Bagroost's Handbook of Bewitching Conjuration
 35942 | Vaults:5 | Identified the +4 troll leather armour of Xom's Wrath
                  | {*Corrode +Blink Regen+ Str+9 Slay+5}
 36443 | Slime:1  | Entered Level 1 of the Pits of Slime
 36666 | Slime:3  | Gained mutation: Scrolls take you a little longer to read.
                  | [a shining eye]
 37018 | Slime:3  | Received a gift from Okawaru
 37293 | Slime:4  | Reached XP level 23. HP: 138/161 MP: 30/33
 37304 | Slime:5  | Entered Level 5 of the Pits of Slime
 37802 | Slime:5  | Found a viscous altar of Jiyva.
 37802 | Slime:5  | Noticed the Royal Jelly
 37820 | Slime:5  | Killed the Royal Jelly
 37820 | Slime:5  | Reached skill level 22 in Fighting
 37842 | Slime:5  | Received a gift from Okawaru
 38445 | Slime:5  | Got a slimy golden ring
 38449 | Slime:5  | Identified the ring of Ashenzari's Wrath {*Tele MR+} (You
                  | found it on level 5 of the Pits of Slime)
 38454 | Slime:5  | Identified Anecvon's Grimoire of Gliding Transmutation
 38483 | Slime:5  | Got a slimy rune of Zot
 38886 | Elf:1    | Entered Level 1 of the Elven Halls
 39097 | Temple   | Entered the Ecumenical Temple
 40402 | Depths:1 | Entered Level 1 of the Depths
 40522 | Depths:1 | Found a shattered altar of Ashenzari.
 40613 | Depths:1 | Found a runed translucent door.
 40620 | Depths:1 | Found a gateway to Hell.
 40620 | Depths:1 | Found Peling's Gadget Boutique.
 40643 | Depths:1 | Identified the ring "Lesseamyu" {rElec rPois rF- rC- Int+6}
 40894 | Depths:1 | Found a one-way gate to the infinite horrors of the Abyss.
 41430 | Depths:2 | Found a one-way gate leading to the halls of Pandemonium.
 41439 | Depths:2 | Received a gift from Okawaru
 41649 | Depths:2 | Reached XP level 24. HP: 169/169 MP: 33/33
 41731 | Depths:2 | Noticed a juggernaut
 41750 | Depths:2 | Killed a juggernaut
 42318 | Depths:2 | Paralysed by something for 4 turns
 42655 | Depths:2 | Reached skill level 23 in Fighting
 42880 | Depths:2 | Received a gift from Okawaru
 43562 | Depths:3 | Gained mutation: Your magical capacity is low. (-10% MP) [a
                  | cacodemon]
 44473 | Depths:3 | Found the +12 Vampire's Tooth {vamp}
 44479 | Depths:3 | Noticed a juggernaut
 44481 | Depths:3 | Reached skill level 15 in Invocations
 44497 | Depths:3 | Reached XP level 25. HP: 107/176 MP: 19/30
 44500 | Depths:3 | Identified the +3 buckler "Rewelopt" {rN+}
 44503 | Depths:3 | Killed a juggernaut
 45702 | D:8      | Found a glowing golden altar of the Shining One.
 45714 | D:8      | Fell from the grace of Okawaru
 45714 | D:8      | Became a worshipper of the Shining One
 45953 | Crypt:1  | Entered Level 1 of the Crypt
 46105 | Crypt:1  | Reached * piety under the Shining One
 46423 | Crypt:1  | Reached ** piety under the Shining One
 46515 | Crypt:1  | Reached *** piety under the Shining One
 46796 | Crypt:2  | Reached **** piety under the Shining One
 46876 | Crypt:2  | Noticed Mennas
 46910 | Crypt:2  | Killed Mennas
 47015 | Crypt:2  | Noticed Margery
 47035 | Crypt:2  | Killed Margery
 47036 | Crypt:2  | Reached ***** piety under the Shining One
 47088 | Crypt:2  | Reached skill level 24 in Fighting
 47388 | Crypt:2  | Found the +3 giant club "Skullcrusher" {speed, Str+7}
 47402 | Crypt:2  | Reached ****** piety under the Shining One
 47449 | Crypt:2  | Identified a +9 broad axe of holy wrath (a +7 broad axe of
                  | chopping blessed by the Shining One)
 47449 | Crypt:2  | Received a gift from the Shining One
 47760 | Crypt:3  | Entered Level 3 of the Crypt
 47960 | Crypt:3  | Reached XP level 26. HP: 184/184 MP: 31/31
 48313 | Crypt:3  | Found a staircase to the Tomb.
 48799 | Crypt:3  | Found an ancient bone altar of Kikubaaqudgha.
 49088 | Crypt:3  | Noticed an ancient lich
 49099 | Crypt:3  | Killed an ancient lich
 49105 | Crypt:3  | Got a smoking brass ring
 49128 | Crypt:3  | Identified the cursed ring "Kynwiaw" {Int+3 Dex-5} (You
                  | found it on level 3 of the Crypt)
 49275 | Tomb:1   | Entered Level 1 of the Tomb of the Ancients
 49364 | Tomb:1   | Noticed Boris
 49378 | Tomb:1   | Killed Boris
 49736 | Tomb:1   | Noticed a greater mummy
 49749 | Tomb:1   | Killed a greater mummy
 49764 | Tomb:1   | Noticed a greater mummy
 49771 | Tomb:1   | Killed a greater mummy
 49795 | Tomb:1   | Noticed a greater mummy
 49803 | Tomb:1   | Killed a greater mummy
 49804 | Tomb:1   | Noticed a greater mummy
 49815 | Tomb:1   | Killed a greater mummy
 50884 | Tomb:2   | Noticed a greater mummy
 50884 | Tomb:2   | Noticed a greater mummy
 50885 | Tomb:2   | Noticed a greater mummy
 50893 | Tomb:2   | Noticed a greater mummy
 51031 | Tomb:2   | Killed a greater mummy
 51031 | Tomb:2   | Reached skill level 25 in Fighting
 51266 | Tomb:2   | Lost mutation: Scrolls take you a little longer to read.
                  | [potion of mutation]
 51266 | Tomb:2   | Lost mutation: Your magical capacity is low. (-10% MP)
                  | [potion of mutation]
 51266 | Tomb:2   | Gained mutation: Your muscles are strong. (Str +2) [potion
                  | of mutation]
 51266 | Tomb:2   | Gained mutation: You can translocate small distances at
                  | will. [potion of mutation]
 51266 | Tomb:2   | Gained mutation: You have a pair of small horns on your
                  | head. [potion of mutation]
 51353 | Tomb:2   | Killed a greater mummy
 51353 | Tomb:2   | Reached XP level 27. HP: 174/193 MP: 35/35
 51354 | Tomb:2   | Killed a greater mummy
 51508 | Tomb:2   | Killed a greater mummy
 51898 | Tomb:3   | Entered Level 3 of the Tomb of the Ancients
 51916 | Tomb:3   | Noticed a greater mummy
 51925 | Tomb:3   | Noticed a greater mummy
 51935 | Tomb:3   | Noticed a greater mummy
 51939 | Tomb:3   | Killed a greater mummy
 51940 | Tomb:3   | Noticed a greater mummy
 51946 | Tomb:3   | Noticed a greater mummy
 51949 | Tomb:3   | Killed a greater mummy
 51960 | Tomb:3   | Noticed a greater mummy
 51960 | Tomb:3   | Killed a greater mummy
 51961 | Tomb:3   | Killed a greater mummy
 51977 | Tomb:3   | Killed a greater mummy
 52035 | Tomb:3   | Noticed a greater mummy
 52039 | Tomb:3   | Gained mutation: You expend magic power (3 MP) to
                  | strengthen your wands. [a neqoxec]
 52044 | Tomb:3   | Noticed a greater mummy
 52052 | Tomb:3   | Killed a greater mummy
 52065 | Tomb:3   | Killed a greater mummy
 52078 | Tomb:3   | Killed a greater mummy
 52115 | Tomb:3   | Noticed a greater mummy
 52127 | Tomb:3   | Killed a greater mummy
 52567 | Tomb:3   | Identified the +0 helmet of Unasauk {rPois Int-3 Dex+6
                  | Stlth+} (You found it on level 3 of the Tomb of the
                  | Ancients)
 52571 | Tomb:3   | Was forgiven by Okawaru
 53693 | Tomb:1   | Noticed a greater mummy
 53693 | Tomb:1   | Noticed a greater mummy
 53693 | Tomb:1   | Noticed a greater mummy
 53701 | Tomb:1   | Killed a greater mummy
 53702 | Tomb:1   | Killed a greater mummy
 53715 | Tomb:1   | Killed a greater mummy
 54011 | Tomb:1   | Cast into level 5 of the Abyss (a Zot trap)
 54011 | Abyss:5  | Entered Level 5 of the Abyss
 54011 | Abyss:5  | Entered Level 5 of the Abyss
 54016 | Abyss:5  | Found a transporter.
 54081 | Abyss:5  | Found a transporter.
 54087 | Abyss:5  | Got an abyssal rune of Zot
 54115 | Abyss:5  | Found a transporter.
 54208 | Tomb:1   | Escaped the Abyss
 55163 | Depths:4 | Reached skill level 26 in Fighting
 55250 | Depths:5 | Entered Level 5 of the Depths
 55307 | Depths:5 | Noticed Boris
 55328 | Depths:5 | Killed Boris
 55347 | Depths:5 | Found a gate to the Realm of Zot.
 55893 | Orc:2    | Bought an uncursed ring of protection from fire for 350
                  | gold pieces
 56166 | Hell     | Entered the Vestibule of Hell
 56166 | Hell     | Noticed Geryon
 56235 | Hell     | Killed Geryon
 56250 | Hell     | Found a gateway to the ashen valley of Gehenna.
 56269 | Geh:1    | Entered Level 1 of Gehenna
 56638 | Geh:2    | You are sucked into a shaft and drop 1 floor!
 57020 | Geh:3    | You are sucked into a shaft and drop 2 floors!
 57104 | Geh:7    | Entered Level 7 of Gehenna
 57548 | Geh:7    | Identified the ring of Hirixtet {+Inv rC++ Int-2 Dex+2}
 57623 | Geh:7    | Identified Jybbyrac's Catalogue of the Badger
 57667 | Geh:7    | Identified the +7 sceptre of Asmodeus
 57667 | Geh:7    | Noticed Asmodeus
 57684 | Geh:7    | Killed Asmodeus
 57691 | Geh:7    | Got an obsidian rune of Zot
 57909 | Hell     | Found a gateway to the decaying netherworld of Tartarus.
 57924 | Hell     | Reached skill level 27 in Fighting
 57929 | Tar:1    | Entered Level 1 of Tartarus
 58479 | Tar:2    | You are sucked into a shaft and drop 1 floor!
 60205 | Tar:7    | Entered Level 7 of Tartarus
 60400 | Tar:7    | Identified the cursed -2 large shield of the Land of Plenty
                  | {rElec MR+ rCorr Str+4}
 60412 | Tar:7    | Noticed Ereshkigal
 60412 | Tar:7    | Noticed the Serpent of Hell
 60424 | Tar:7    | Killed Ereshkigal
 60429 | Tar:7    | Killed the Serpent of Hell
 60597 | Tar:7    | Got a bone rune of Zot
 60768 | Hell     | Found a gateway to the freezing wastes of Cocytus.
 60785 | Coc:1    | Entered Level 1 of Cocytus
 62035 | Coc:7    | Entered Level 7 of Cocytus
 62459 | Coc:7    | Identified the +9 hand axe "Beetleslayer" {protect,
                  | *Corrode Str+3 Dex+2}
 62459 | Coc:7    | Noticed Antaeus
 62489 | Coc:7    | Killed Antaeus
 62497 | Coc:7    | Got an icy rune of Zot
 62830 | Hell     | Found a gateway to the Iron City of Dis.
 62853 | Dis:1    | Entered Level 1 of the Iron City of Dis
 63439 | Dis:1    | You are sucked into a shaft and drop 1 floor!
 63477 | Dis:2    | You are sucked into a shaft and drop 2 floors!
 63482 | Dis:4    | You are sucked into a shaft and drop 1 floor!
 64019 | Dis:7    | Entered Level 7 of the Iron City of Dis
 64118 | Dis:7    | Reached skill level 10 in Dodging
 64538 | Dis:7    | Identified the +4 staff of Dispater
 64538 | Dis:7    | Noticed Dispater
 64569 | Dis:7    | Killed Dispater
 64583 | Dis:7    | Got a steaming marble ring
 64585 | Dis:7    | Got an iron rune of Zot
 64587 | Dis:7    | Identified the cursed ring of the Four Friends {+Blink
                  | Str+2 Dex-3 Slay+3} (You found it on level 7 of the Iron
                  | City of Dis)
 64590 | Dis:7    | Got a brightly glowing brass ring
 64591 | Dis:7    | Identified the ring of Qalucvyh {MR+ Str+3 Stlth+} (You
                  | found it on level 7 of the Iron City of Dis)
 64910 | Pan      | Entered Pandemonium
 64957 | Pan      | Noticed Edig the pandemonium lord
 64969 | Pan      | Killed Edig the pandemonium lord
 64969 | Pan      | Reached skill level 10 in Evocations
 64994 | Pan      | Got a demonic rune of Zot
 65237 | Pan      | Gained mutation: Scrolls take you a little longer to read.
                  | [a neqoxec]
 65323 | Pan      | Noticed Axoankau the pandemonium lord
 65349 | Pan      | Killed Axoankau the pandemonium lord
 65405 | Pan      | Lost mutation: You can translocate small distances at will.
                  | [potion of mutation]
 65405 | Pan      | Lost mutation: Your muscles are strong. (Str +2) [potion of
                  | mutation]
 65405 | Pan      | Lost mutation: You expend magic power (3 MP) to strengthen
                  | your wands. [potion of mutation]
 65405 | Pan      | Gained mutation: You have sharp fingernails. [potion of
                  | mutation]
 65406 | Pan      | Lost mutation: You have a pair of small horns on your head.
                  | [potion of mutation]
 65406 | Pan      | Lost mutation: Scrolls take you a little longer to read.
                  | [potion of mutation]
 65406 | Pan      | Gained mutation: Your muscles are strong. (Str +2) [potion
                  | of mutation]
 65406 | Pan      | Gained mutation: You have a pair of small horns on your
                  | head. [potion of mutation]
 65753 | Pan      | Entered the realm of Lom Lobon.
 65812 | Pan      | Noticed Lom Lobon
 65838 | Pan      | Killed Lom Lobon
 66062 | Pan      | Got a magical rune of Zot
 66115 | Pan      | Noticed Ikelacs the pandemonium lord
 66484 | Pan      | Entered the realm of Mnoleg.
 66723 | Pan      | Gained mutation: You are frail. (-10% HP) [a cacodemon]
 66844 | Pan      | Gained mutation: Scrolls take you a little longer to read.
                  | [a neqoxec]
 66846 | Pan      | Noticed Mnoleg
 66864 | Pan      | Killed Mnoleg
 66868 | Pan      | Gained mutation: You are clumsy. (Dex -2) [a cacodemon]
 66875 | Pan      | Gained mutation: You are very clumsy. (Dex -4) [a neqoxec]
 66879 | Pan      | Gained mutation: You are dopey. (Int -2) [a neqoxec]
 66879 | Pan      | Lost mutation: Your muscles are strong. (Str +2) [a
                  | neqoxec]
 66880 | Pan      | Gained mutation: You have an increased reservoir of magic.
                  | (+10% MP) [a cacodemon]
 66919 | Pan      | Gained mutation: Your spells are a little easier to cast,
                  | but a little less powerful. [a neqoxec]
 66921 | Pan      | Gained mutation: Your body sometimes deteriorates upon
                  | taking damage. [a neqoxec]
 66982 | Pan      | Got a glowing rune of Zot
 67036 | Pan      | Lost mutation: You have a pair of small horns on your head.
                  | [potion of mutation]
 67036 | Pan      | Lost mutation: Your spells are a little easier to cast, but
                  | a little less powerful. [potion of mutation]
 67036 | Pan      | Lost mutation: Scrolls take you a little longer to read.
                  | [potion of mutation]
 67036 | Pan      | Lost mutation: You are frail. (-10% HP) [potion of
                  | mutation]
 67036 | Pan      | Gained mutation: You have large cloven feet. [potion of
                  | mutation]
 67036 | Pan      | Lost mutation: You are very clumsy. (Dex -4) [potion of
                  | mutation]
 67036 | Pan      | Gained mutation: You have a pair of small antennae on your
                  | head. [potion of mutation]
 67037 | Pan      | Lost mutation: Your body sometimes deteriorates upon taking
                  | damage. [potion of mutation]
 67037 | Pan      | Lost mutation: You are clumsy. (Dex -2) [potion of
                  | mutation]
 67037 | Pan      | Lost mutation: You have sharp fingernails. [potion of
                  | mutation]
 67037 | Pan      | Gained mutation: You are robust. (+10% HP) [potion of
                  | mutation]
 67037 | Pan      | Gained mutation: You are resistant to hostile enchantments.
                  | (MR+) [potion of mutation]
 67037 | Pan      | Gained mutation: You are covered in fur. (AC +1) [potion of
                  | mutation]
 67037 | Pan      | Gained mutation: You have sharp fingernails. [potion of
                  | mutation]
 67044 | Pan      | Gained mutation: You are weak. (Str -2) [a neqoxec]
 67046 | Pan      | Lost mutation: You have an increased reservoir of magic.
                  | (+10% MP) [a neqoxec]
 67047 | Pan      | Lost mutation: You are dopey. (Int -2) [a neqoxec]
 67371 | Pan      | Noticed Necoab the pandemonium lord
 67389 | Pan      | Killed Necoab the pandemonium lord
 67405 | Pan      | Got a coiled brass ring
 67406 | Pan      | Identified the ring of Foecaen {rF+ MP+9} (You found it in
                  | Pandemonium)
 67763 | Pan      | Entered the realm of Cerebov.
 68523 | Pan      | Identified the +6 sword of Cerebov {flame}
 68523 | Pan      | Noticed Cerebov
 68549 | Pan      | Killed Cerebov
 68653 | Pan      | Got a coiled iron ring
 68705 | Pan      | Got a fiery rune of Zot
 68825 | Pan      | Identified the ring of Focamat {-Tele rF++ rN+ Dex+4} (You
                  | found it in Pandemonium)
 69190 | Pan      | Entered the realm of Gloorx Vloq.
 69555 | Pan      | Noticed Gloorx Vloq
 69567 | Pan      | Killed Gloorx Vloq
 69659 | Pan      | Got a dark rune of Zot
 70311 | Depths:2 | Escaped Pandemonium
 70856 | Zot:1    | Entered Level 1 of the Realm of Zot
 71044 | Zot:5    | Entered Level 5 of the Realm of Zot
 71173 | Zot:5    | Identified the cursed +0 large shield of Omaq {Stlth+}
 71424 | Zot:5    | Reached skill level 15 in Dodging
 71424 | Zot:5    | Reached skill level 15 in Evocations
 71469 | Zot:5    | Noticed an orb of fire
 71473 | Zot:5    | Noticed an orb of fire
 71479 | Zot:5    | Noticed an orb of fire
 71486 | Zot:5    | Gained mutation: Your spells are a little easier to cast,
                  | but a little less powerful. [an orb of fire]
 71498 | Zot:5    | Noticed an orb of fire
 71500 | Zot:5    | Killed an orb of fire
 71500 | Zot:5    | Killed an orb of fire
 71504 | Zot:5    | Noticed an orb of fire
 71506 | Zot:5    | Noticed an orb of fire
 71509 | Zot:5    | Noticed an orb of fire
 71515 | Zot:5    | Noticed an orb of fire
 71521 | Zot:5    | Gained mutation: You occasionally shout uncontrollably at
                  | your foes. [an orb of fire]
 71522 | Zot:5    | Gained mutation: Potions are less effective at restoring
                  | your health. [an orb of fire]
 71523 | Zot:5    | Gained mutation: You do not regenerate when monsters are
                  | visible. [an orb of fire]
 71524 | Zot:5    | Killed an orb of fire
 71524 | Zot:5    | Gained mutation: You are very weak. (Str -4) [an orb of
                  | fire]
 71525 | Zot:5    | Killed an orb of fire
 71526 | Zot:5    | Gained mutation: You sometimes yell uncontrollably at your
                  | foes. [an orb of fire]
 71528 | Zot:5    | Killed an orb of fire
 71533 | Zot:5    | Killed an orb of fire
 71534 | Zot:5    | Gained mutation: You are clumsy. (Dex -2) [an orb of fire]
 71537 | Zot:5    | Noticed an ancient lich
 71539 | Zot:5    | Gained mutation: You are occasionally teleported next to
                  | monsters. [an orb of fire]
 71547 | Zot:5    | Killed an orb of fire
 71554 | Zot:5    | Killed an ancient lich
 71840 | Zot:5    | Got the Orb of Zot
 71851 | Zot:5    | Gained mutation: Your spells are easier to cast, but less
                  | powerful. [an orb of fire]
 71859 | Zot:5    | Gained mutation: Your magical capacity is low. (-10% MP)
                  | [an orb of fire]
 71860 | Zot:5    | Gained mutation: You tend to lose your temper in combat.
                  | [an orb of fire]
 71867 | Zot:5    | Gained mutation: You frequently scream uncontrollably at
                  | your foes. [an orb of fire]
 71868 | Zot:5    | Killed an orb of fire
 71888 | Zot:5    | Noticed Furon the pandemonium lord
 71915 | Zot:5    | Killed Furon the pandemonium lord
 72114 | Depths:3 | Noticed Fidd the pandemonium lord
 72124 | Depths:3 | Killed Fidd the pandemonium lord
 72361 | D:7      | Noticed Kinoris the pandemonium lord
 72386 | D:7      | Killed Kinoris the pandemonium lord
 72508 | D:$      | Escaped with the Orb!

Levels and vault maps discovered:
D:1:      lightli_arrival_chessboard, layout_basic, bh_walls_and_bars
D:2:      layout_rooms, minmay_pentomino_t2
D:3:      layout_loops_ring, kennysheep_okawaru_gauntlet, first_ration,
          hangedman_decor_peaks_small, uniq_ijyb
D:4:      layout_basic, kennysheep_mini, serial_shops, shop_fountains,
          chequers_hall_statues_wall_a
D:5:      layout_loops_ring, old_standard_altar, temple_statues
D:6:      layout_basic, chequers_temple_overflow_minitemple, marbit_many_paths,
          gup_sewer_entry_glass, uniq_pikel, uniq_blork_the_orc
D:7:      layout_cave_pools, hangedman_decor_diamond_cutter
D:8:      minmay_klotski, layout_loops_ring, kennysheep_mini_moat,
          lemuel_round_altar, tgw_sif
D:9:      layout_loops_ring, lemuel_doored_altar, uniq_joseph
D:10:     layout_basic, david_lair_shrubbed, orc_0_dummy, grunt_tengu_nest,
          minmay_pinched_square, uniq_erolcha, uniq_urug
D:11:     layout_small_grid, serial_bayou_pond_e, nicolae_gozag_seed_capital
D:12:     layout_small_grid, portal_ice_cave_entry_ice_beasts
D:13:     layout_basic, serial_shops, nicolae_shop_stone,
          hellmonk_ghost_happy_afterlife, st_stairs_5
D:14:     layout_cave_pools, skrybe_vaults_entry_preservation,
          dk_noncrumbling_4, serial_bayou, serial_bayou_pond_d,
          serial_bayou_lagoon_b, serial_bayou_pond_d, serial_bayou_ford_a,
          basic_altar, uniq_josephine
D:15:     grunt_enter_depths_snipers, layout_basic, nicolae_wwwww, uniq_rupert
Temple:   nicolae_temple_figure_zero
Lair:1:   layout_loops_ring, gauntlet_entry_generic, st_stairs_10
Lair:2:   layout_regular_city, spider_nest_entry_rubble
Lair:3:   layout_misc_corridors, nicolae_swamp_entry_splash_gauntlet,
          gammafunk_ghost_split, minmay_lair_oklob_chamber
Lair:4:   layout_small_grid
Lair:5:   layout_misc_corridors, infiniplex_staircase_pool, grunt_megastairs_5
Lair:6:   minmay_lair_end_frog_pond, layout_regular_city, slime_altar_1
Swamp:1:  layout_basic_swamp, evilmike_swamp_ruin_wall
Swamp:2:  layout_basic_swamp, hangedman_swamp_blocks, uniq_louise, uniq_frances
Swamp:3:  layout_basic_swamp, evilmike_swamp_ruin_house_3, uniq_nikola
Swamp:4:  swamp_icy, layout_basic_swamp
Spider:1: layout_spider_delve, uniq_kirke, uniq_aizul
Spider:2: layout_spider_delve
Spider:3: layout_spider_delve, ebering_ghost_inner_flame, uniq_bai_suzhen
Spider:4: spider_rune_water
Slime:1:  layout_caves
Slime:2:  layout_caves
Slime:3:  layout_caves, nicolae_slime_phagocytosis
Slime:4:  layout_caves, nicolae_slime_barrier
Slime:5
Orc:1:    layout_caves, serial_shops, shop, bh_open_orc_temple
Orc:2:    pubby_orc_utopia, serial_shops
Elf:1:    minmay_elf_arrival_summoners, layout_geoelf_octagon, serial_shops,
          nicolae_shop_trees, shop, shop, shop, minmay_elf_sorcery, uniq_azrael
Vaults:1: grunt_vaults_trifunnel, nicolae_vaults_little_ls,
          nicolae_vaults_puzzle_piece, nicolae_vaults_sealed_display,
          nicolae_vaults_theta, vaults_room_glass_cross,
          nicolae_vaults_hallways_thing, nicolae_vaults_what_the_h, v_misc_28,
          vaults_mumra_hexcomb, nicolae_vaults_little_squares_1,
          layout_vaults_maze_snakey, serial_shops, nicolae_shop_statue_plus
Vaults:2: v_misc_19, vaults_standard_mumra_enter_the_diamond,
          ontoclasm_vaults_hangar, nicolae_vaults_little_squares_2,
          minmay_crypt_entry_simple_statues, v_misc_22, v_alt_pattern_3,
          layout_vaults_omnigrid
Vaults:3: vaults_room_octagon, v_pattern_2, v_alt_pattern_6,
          nicolae_vaults_little_squares_3, v_misc_9, ontoclasm_vaults_chip,
          st_more_cells, v_misc_26, dpeg_vaults_monster_box,
          ontoclasm_vaults_hangar, layout_vaults_omnicross, uniq_donald
Vaults:4: v_misc_32, vaults_mumra_lcd, vaults_room_pool, vaults_room_fours,
          layout_vaults_big_room, serial_shops, shop_statue, uniq_boris
Vaults:5
Crypt:1:  cheibrodos_crypt_draghalla, layout_chaotic_city, st_stairs_10
Crypt:2:  layout_basic, minmay_guarded_unrand_skullcrusher, uniq_mennas,
          uniq_margery
Crypt:3:  evilmike_haunted_forest
Tomb:1
Tomb:2
Tomb:3
Depths:1: layout_cave_pools, abyss_entry, hell_entry, serial_shops,
          nicolae_shop_competitors_out_of_business, evilmike_ruin_ashenzari,
          st_stairs_9, drop_trap, kennysheep_treasure_room
Depths:2: hangedman_grunt_twisty_little_passages, layout_basic,
          hangedman_geh_valley, abyss_entry, hangedman_decor_slide_cut,
          grunt_pan_entry_spiral, serial_curves, eino_curves_03
Depths:3: minmay_the_grid_triangle_9x9_rhombus_thin
          [minmay_the_grid_triangle_9x9_pentomino_pain,
          minmay_the_grid_triangle_9x9_prize_schism,
          minmay_the_grid_triangle_9x9_impossible_snake,
          minmay_the_grid_triangle_9x9_steps], layout_long_grid,
          grunt_pan_entry_zigzag, chequers_big_river, hell_entry,
          infiniplex_staircase_zigzag_4
Depths:4: cheibrodos_lost_city_excavation, layout_basic, enter_ziggurat_a,
          hell_entry, abyss_entry, infiniplex_staircase_diamond,
          kennysheep_generic_room_6
Depths:5: evilmike_zot_entry_argh, layout_cave_pools, hell_entry,
          minmay_misc_feat_rugged, serial_sigils_hangedman_snap
Hell
Dis:1:    layout_subdivisions, hangedman_dis_decor_tower
Dis:2:    layout_subdivisions
Dis:4:    layout_jigsaw
Dis:5:    layout_regular_city
Dis:6:    layout_regular_city
Dis:7:    iron_city_of_dis [dis_old, dis_wall_2], layout_chaotic_city
Geh:1:    layout_gehenna_lava_caves
Geh:2:    layout_gehenna_lava_caves
Geh:3:    layout_gehenna_lava_caves
Geh:5:    layout_gehenna_pools_basic, lemuel_elevator
Geh:6:    layout_gehenna_pools_triple
Geh:7:    geh_old
Coc:1:    layout_ice_bergs, serial_ice, serial_ice_g
Coc:2:    layout_cocytus_water_paths
Coc:3:    layout_cocytus_water_paths
Coc:4:    layout_ice_bergs
Coc:5:    layout_cocytus_water_paths
Coc:6:    layout_cocytus_water_paths
Coc:7:    coc_grunt_cove [coc_grunt_cove_antaeus, coc_grunt_cove_fiend,
          coc_grunt_cove_fiend, coc_grunt_cove_fiend, coc_grunt_cove_fiend]
Tar:1:    layout_catacombs
Tar:2:    layout_catacombs
Tar:3:    layout_grid_maze
Tar:4:    layout_catacombs, lemuel_elevator
Tar:5:    layout_grid_maze
Tar:6:    layout_grid_maze
Tar:7:    tar_grunt_cathedral
Zot:1:    gammafunk_dig_for_victory, layout_misc_corridors, grunt_megastairs_3
Zot:2:    layout_concentric_octagons, st_large_dragon_hoard_4
Zot:3:    layout_concentric_octagons
Zot:4:    layout_onion_interference
Zot:5:    layout_misc_corridors, grunt_ministairs_9

Skill      XL: |  1  2  3  4  5  6  7  8  9 10 11 12 13 14 15 16 17 18 19 20 21 22 23 24 25 26 27 |
---------------+----------------------------------------------------------------------------------+-----
Axes           | 2 3 5 6 8 9 10 11 12 13 14 15 16 17 18 19 20 21 26 | 26.0
Fighting       | 4 5 6 7 8 10 11 12 13 14 15 16 17 18 19 20 21 22 23 24 25 27 | 27.0
Dodging        | 1 2 3 4 5 6 7 8 16 | 16.5
Armour         | 4 5 6 7 8 9 10 11 12 13 14 15 16 17 18 19 25 | 25.3
Shields        | 4 5 6 7 8 9 10 11 12 13 14 15 16 17 18 19 25 | 25.3
Evocations     | 2 5 6 16 | 16.7
Invocations    | 2 4 6 8 9 10 11 12 13 14 15 16 23 | 23.8

Action                   |  1- 3 |  4- 6 |  7- 9 | 10-12 | 13-15 | 16-18 | 19-21 | 22-24 | 25-27 || total
-------------------------+-------+-------+-------+-------+-------+-------+-------+-------+-------++-------
Melee: War axe           |   113 |   128 |       |       |       |       |       |       |       ||   241
       Broad axe         |       |    12 |   169 |   423 |   902 |  1503 |  1102 |  1261 |  5796 || 11168
       Headbutt          |       |       |       |       |       |       |       |       |  1039 ||  1039
       Kick              |       |       |       |       |       |       |       |       |   373 ||   373
Throw: Throwing net      |       |       |       |       |       |       |       |       |     3 ||     3
Invok: Heroism           |       |       |       |     2 |    13 |    14 |     8 |     9 |       ||    46
       Finesse           |       |       |       |     1 |       |     5 |     4 |     1 |       ||    11
       Divine Shield     |       |       |       |       |       |       |       |       |     4 ||     4
       Brand Weapon With |       |       |       |       |       |       |       |       |     1 ||     1
       Cleansing Flame   |       |       |       |       |       |       |       |       |    40 ||    40
       Summon Divine War |       |       |       |       |       |       |       |       |    41 ||    41
 Abil: Fly               |       |       |       |       |       |     1 |       |     1 |     1 ||     3
       Stop Flying       |       |       |       |       |       |       |     1 |       |     1 ||     2
Evoke: Wand              |       |       |       |       |     1 |       |       |       |     2 ||     3
       Phial of floods   |       |       |       |       |       |       |       |     1 |       ||     1
  Use: Scroll            |       |     6 |    10 |     5 |    15 |    12 |     5 |     6 |    55 ||   114
       Potion            |       |       |       |       |       |       |     1 |    10 |    24 ||    35
 Stab: Distracted        |       |       |       |     1 |     1 |       |       |       |       ||     2
       Confused          |       |       |       |       |       |     2 |       |     4 |       ||     6
  Eat: Chunk             |     1 |     1 |     1 |    27 |    31 |     7 |    11 |    19 |     7 ||   105
       Ration            |       |     2 |     2 |       |       |     7 |     4 |     4 |    35 ||    54
Armor: Scale mail        |    62 |    80 |   125 |    53 |       |       |       |   113 |       ||   433
       Crystal plate arm |       |       |       |   104 |   592 |  1002 |   490 |   510 |   846 ||  3544
       Plate armour      |       |       |       |    74 |    24 |       |       |       |       ||    98
       Gold dragon scale |       |       |       |       |       |       |       |       |  1732 ||  1732
Dodge: Dodged            |    36 |    48 |    82 |   137 |   294 |   348 |   208 |   227 |  1095 ||  2475
Block: Shield            |    71 |    71 |   102 |   272 |   337 |       |       |       |       ||   853
       Large shield      |       |       |       |       |   491 |  1605 |   966 |  1042 |  5532 ||  9636

Table legend:
 A = Non-vault XP
 B = Vault XP
 C = Vault XP percentage of total XP
 D = Non-vault monster count
 E = Vault monster count
 F = Vault count percentage of total count
                 A         B        C        D         E       F
            +---------+---------+-------+---------+---------+-------
      Total | 1544342 | 1454681 |  48.5 |    2920 |    1424 |  32.8
            +---------+---------+-------+---------+---------+-------
        D:1 |      35 |       0 |   0.0 |      17 |       0 |   0.0
        D:2 |      59 |       9 |  13.2 |      16 |       2 |  11.1
        D:3 |      27 |      35 |  56.5 |      10 |       1 |   9.1
        D:4 |     189 |       0 |   0.0 |       5 |       0 |   0.0
        D:5 |      79 |       0 |   0.0 |       4 |       0 |   0.0
        D:6 |    1092 |     795 |  42.1 |      30 |       7 |  18.9
        D:7 |     709 |       0 |   0.0 |      14 |       0 |   0.0
        D:8 |     529 |       0 |   0.0 |      16 |       0 |   0.0
        D:9 |    5324 |     471 |   8.1 |      51 |       1 |   1.9
       D:10 |    4043 |    5799 |  58.9 |      34 |      16 |  32.0
       D:11 |    5806 |       0 |   0.0 |      50 |       0 |   0.0
       D:12 |    3774 |    1047 |  21.7 |      21 |       8 |  27.6
       D:13 |    3961 |    1625 |  29.1 |      17 |       3 |  15.0
       D:14 |    6549 |    6010 |  47.9 |      29 |      13 |  31.0
       D:15 |    9622 |    5539 |  36.5 |      29 |       4 |  12.1
     Lair:1 |    3355 |     600 |  15.2 |      14 |       3 |  17.6
     Lair:2 |    4880 |     565 |  10.4 |      23 |       1 |   4.2
     Lair:3 |    2921 |    5940 |  67.0 |      12 |      16 |  57.1
     Lair:4 |    4597 |       0 |   0.0 |      15 |       0 |   0.0
     Lair:5 |    7830 |    1593 |  16.9 |      26 |       5 |  16.1
     Lair:6 |   11682 |   12349 |  51.4 |      39 |      50 |  56.2
    Swamp:1 |    3237 |       0 |   0.0 |       9 |       0 |   0.0
    Swamp:2 |   13474 |    4009 |  22.9 |      43 |       2 |   4.4
    Swamp:3 |    8377 |       0 |   0.0 |      27 |       0 |   0.0
    Swamp:4 |    8063 |    7703 |  48.9 |      22 |      30 |  57.7
   Spider:1 |   11564 |    4943 |  29.9 |      31 |       7 |  18.4
   Spider:2 |   10263 |       0 |   0.0 |      28 |       0 |   0.0
   Spider:3 |   29412 |    8160 |  21.7 |      84 |       3 |   3.4
   Spider:4 |   22270 |   24985 |  52.9 |      56 |      44 |  44.0
    Slime:1 |     522 |       0 |   0.0 |       2 |       0 |   0.0
    Slime:2 |    6751 |       0 |   0.0 |       5 |       0 |   0.0
    Slime:3 |   17784 |    1045 |   5.5 |      26 |       4 |  13.3
    Slime:4 |    8509 |    2313 |  21.4 |      13 |       1 |   7.1
    Slime:5 |   25952 |   28845 |  52.6 |      39 |       9 |  18.8
      Orc:1 |    2607 |    1028 |  28.3 |      35 |       4 |  10.3
      Orc:2 |       0 |   21285 | 100.0 |       0 |     151 | 100.0
   Vaults:1 |   28116 |   32184 |  53.4 |      48 |      46 |  48.9
   Vaults:2 |   33563 |    2844 |   7.8 |      71 |       5 |   6.6
   Vaults:3 |   27628 |   31047 |  52.9 |      47 |      37 |  44.0
   Vaults:4 |   37393 |   22114 |  37.2 |      50 |      20 |  28.6
   Vaults:5 |   45929 |  106614 |  69.9 |      80 |      74 |  48.1
    Crypt:1 |    8387 |   28031 |  77.0 |      22 |      29 |  56.9
    Crypt:2 |   42942 |   26578 |  38.2 |      58 |      29 |  33.3
    Crypt:3 |       0 |   56938 | 100.0 |       0 |      93 | 100.0
     Tomb:1 |   19903 |   85050 |  81.0 |      36 |      45 |  55.6
     Tomb:2 |   14233 |   48488 |  77.3 |      32 |      39 |  54.9
     Tomb:3 |    8760 |   76140 |  89.7 |      24 |      59 |  71.1
   Depths:1 |   23226 |    1072 |   4.4 |      32 |       2 |   5.9
   Depths:2 |   35026 |   93321 |  72.7 |      45 |     105 |  70.0
   Depths:3 |   26782 |   39673 |  59.7 |      36 |      32 |  47.1
   Depths:4 |   21417 |    6715 |  23.9 |      32 |       6 |  15.8
   Depths:5 |   23025 |   17031 |  42.5 |      17 |      11 |  39.3
       Hell |   24803 |   34618 |  58.3 |      40 |      47 |  54.0
      Dis:1 |   22886 |       0 |   0.0 |      55 |       0 |   0.0
      Dis:2 |    2883 |       0 |   0.0 |      13 |       0 |   0.0
      Dis:4 |      45 |       0 |   0.0 |       1 |       0 |   0.0
      Dis:5 |   53855 |       0 |   0.0 |      73 |       0 |   0.0
      Dis:6 |    2150 |       0 |   0.0 |       5 |       0 |   0.0
      Dis:7 |   28584 |   65002 |  69.5 |      41 |      32 |  43.8
      Geh:1 |   15776 |       0 |   0.0 |      45 |       0 |   0.0
      Geh:2 |    1216 |       0 |   0.0 |       4 |       0 |   0.0
      Geh:3 |   31092 |       0 |   0.0 |      80 |       0 |   0.0
      Geh:5 |    3784 |       0 |   0.0 |       8 |       0 |   0.0
      Geh:6 |    3527 |       0 |   0.0 |      11 |       0 |   0.0
      Geh:7 |   40213 |   47556 |  54.2 |      91 |      35 |  27.8
      Coc:1 |    5957 |       0 |   0.0 |       9 |       0 |   0.0
      Coc:2 |    7814 |       0 |   0.0 |      11 |       0 |   0.0
      Coc:3 |   25258 |       0 |   0.0 |      69 |       0 |   0.0
      Coc:4 |   16027 |       0 |   0.0 |      40 |       0 |   0.0
      Coc:5 |   21620 |       0 |   0.0 |      49 |       0 |   0.0
      Coc:6 |   17653 |       0 |   0.0 |      43 |       0 |   0.0
      Coc:7 |   44215 |   68315 |  60.7 |      68 |      58 |  46.0
      Tar:2 |   56182 |       0 |   0.0 |      67 |       0 |   0.0
      Tar:3 |   27697 |       0 |   0.0 |      41 |       0 |   0.0
      Tar:4 |   35655 |       0 |   0.0 |      64 |       0 |   0.0
      Tar:5 |   17172 |       0 |   0.0 |      30 |       0 |   0.0
      Tar:6 |   36440 |       0 |   0.0 |      42 |       0 |   0.0
      Tar:7 |   19315 |   47400 |  71.0 |      22 |      21 |  48.8
      Zot:1 |    1771 |       0 |   0.0 |       2 |       0 |   0.0
      Zot:2 |   12733 |       0 |   0.0 |       8 |       0 |   0.0
      Zot:3 |    6938 |       0 |   0.0 |       3 |       0 |   0.0
      Zot:4 |    1004 |       0 |   0.0 |       2 |       0 |   0.0
      Zot:5 |   63404 |  164731 |  72.2 |      36 |      42 |  53.8
    Abyss:5 |    3108 |   21136 |  87.2 |       4 |      13 |  76.5
        Pan |  251387 |  179615 |  41.7 |     321 |     127 |  28.3
      Sewer |       0 |      57 | 100.0 |       0 |      24 | 100.0
   Gauntlet |       0 |    5718 | 100.0 |       0 |       8 | 100.0
            +---------+---------+-------+---------+---------+-------
